[ AOE2 MATCH · #490895100 ]
UnrankedMalay vs Japanese
Player's team · WIN
Rival team · LOSS
[ REPLAY ANALYSIS · EXTRACTED FROM THE RECORDED GAME ]
Feudal
8:51
Castle
22:21
Imperial
41:50
| APM avg | 72.8 |
| APM peak | 112 |
| eAPM avg | 39.7 |
| Villagers / military | 180 / 147 |
Focus
⚔️ 48.1% · 🌾 51.9%
Skirmisher ×53 · Karambit Warrior ×41 · Archer ×28 · Mangonel ×11 · Militia ×7 · Bombard Cannon ×4
Feudal
9:16
Castle
20:55
Imperial
41:32
| APM avg | 70.7 |
| APM peak | 121 |
| eAPM avg | 33.4 |
| Villagers / military | 119 / 106 |
Focus
⚔️ 53.1% · 🌾 46.9%
Archer ×56 · Skirmisher ×22 · Mangonel ×14 · Monk ×6 · Militia ×5 · Trebuchet (Packed) ×3
Match map
Initial resources + every placement click. Lines = walls · curves = elevation contours. ◆ gold · ⬟ stone · ● berries · ✦ relic · ◌ wall gap
Your base· Open — 3t gap
Dennis哥's base· Open — unwalled flank
Smoothed initial terrain · ◌ = detected wall gap · hover for details
Inputs per minute
— TAG_Sitaux - - Dennis哥
Build order — TAG_Sitaux
First 150 of 547 actions detected
| 0:01 | Create | Villager (Male) |
| 0:02 | Create | Villager (Male) |
| 0:02 | Build | House |
| 0:03 | Build | House |
| 0:07 | Create | Villager (Male) |
| 0:07 | Create | Villager (Male) |
| 1:30 | Create | Villager (Male) |
| 1:30 | Create | Villager (Male) |
| 1:56 | Build | Lumber Camp |
| 2:00 | Create | Villager (Male) |
| 2:12 | Create | Villager (Male) |
| 2:12 | Create | Villager (Male) |
| 2:46 | Create | Villager (Male) |
| 2:46 | Create | Villager (Male) |
| 3:03 | Create | Villager (Male) |
| 3:03 | Create | Villager (Male) |
| 3:38 | Create | Villager (Male) |
| 3:38 | Create | Villager (Male) |
| 3:50 | Build | House |
| 4:01 | Create | Villager (Male) |
| 4:26 | Create | Villager (Male) |
| 4:32 | Build | Mill |
| 4:47 | Create | Villager (Male) |
| 5:14 | Create | Villager (Male) |
| 5:44 | Build | Barracks |
| 5:47 | Create | Villager (Male) |
| 6:01 | Build | House |
| 6:10 | Create | Villager (Male) |
| 6:43 | Research | Loom |
| 6:43 | Research | Loom |
| 6:57 | Create | Villager (Male) |
| 7:05 | Create | Militia |
| 7:29 | Build | Mining Camp |
| 7:32 | Research | Feudal Age |
| 7:32 | Research | Feudal Age |
| 7:47 | Create | Militia |
| 7:47 | Create | Militia |
| 7:55 | Build | House |
| 8:05 | Build | Palisade Wall |
| 8:07 | Build | Palisade Wall |
| 8:09 | Create | Militia |
| 8:10 | Create | Militia |
| 8:15 | Create | Militia |
| 8:16 | Create | Militia |
| 8:18 | Build | Palisade Wall |
| 8:24 | Build | Palisade Wall |
| 8:25 | Build | Palisade Wall |
| 8:26 | Build | Palisade Wall |
| 8:27 | Build | Palisade Wall |
| 8:28 | Build | Palisade Wall |
| 8:45 | Build | Palisade Wall |
| 8:47 | Build | Palisade Wall |
| 8:50 | Build | Palisade Wall |
| 8:51 | Age | Feudal Age |
| 8:55 | Build | House |
| 8:56 | Create | Villager (Male) |
| 9:01 | Research | Man-at-Arms (upgrade) |
| 9:19 | Create | Villager (Male) |
| 9:19 | Create | Villager (Male) |
| 9:21 | Build | Farm |
| 9:23 | Build | Farm |
| 9:36 | Build | Palisade Wall |
| 9:46 | Create | Villager (Male) |
| 9:46 | Create | Villager (Male) |
| 9:47 | Create | Villager (Male) |
| 9:54 | Build | House |
| 10:04 | Build | Palisade Wall |
| 10:11 | Build | Palisade Wall |
| 10:16 | Create | Villager (Male) |
| 10:16 | Create | Villager (Male) |
| 10:45 | Create | Villager (Male) |
| 10:45 | Create | Villager (Male) |
| 10:49 | Build | Archery Range |
| 10:59 | Create | Villager (Male) |
| 11:02 | Build | Farm |
| 11:13 | Build | Farm |
| 11:19 | Build | Farm |
| 11:28 | Create | Villager (Male) |
| 11:28 | Create | Villager (Male) |
| 11:29 | Create | Archer |
| 11:31 | Build | Farm |
| 11:43 | Build | Farm |
| 11:54 | Create | Villager (Male) |
| 11:54 | Create | Villager (Male) |
| 12:04 | Build | House |
| 12:06 | Build | House |
| 12:07 | Build | Palisade Wall |
| 12:13 | Build | House |
| 12:14 | Create | Villager (Male) |
| 12:14 | Create | Villager (Male) |
| 12:18 | Build | House |
| 12:20 | Build | Palisade Wall |
| 12:28 | Create | Villager (Male) |
| 12:29 | Create | Skirmisher |
| 12:32 | Build | House |
| 12:45 | Create | Villager (Male) |
| 12:51 | Create | Skirmisher |
| 13:02 | Create | Skirmisher |
| 13:15 | Research | Double-Bit Axe |
| 13:15 | Research | Double-Bit Axe |
| 13:21 | Build | Farm |
| 13:26 | Create | Villager (Male) |
| 13:26 | Create | Villager (Male) |
| 13:34 | Create | Villager (Male) |
| 13:34 | Create | Villager (Male) |
| 13:39 | Build | Palisade Wall |
| 13:50 | Build | House |
| 13:58 | Build | Mining Camp |
| 14:02 | Create | Villager (Male) |
| 14:08 | Create | Skirmisher |
| 14:13 | Build | Farm |
| 14:16 | Create | Villager (Male) |
| 14:16 | Create | Villager (Male) |
| 14:20 | Build | Farm |
| 14:22 | Build | Farm |
| 14:26 | Build | House |
| 14:27 | Build | Palisade Wall |
| 14:45 | Build | Lumber Camp |
| 14:47 | Create | Skirmisher |
| 14:54 | Build | House |
| 14:55 | Build | Palisade Wall |
| 14:58 | Build | Palisade Wall |
| 15:08 | Create | Villager (Male) |
| 15:25 | Research | Horse Collar |
| 15:25 | Research | Horse Collar |
| 15:28 | Create | Skirmisher |
| 15:35 | Create | Villager (Male) |
| 15:42 | Create | Skirmisher |
| 15:50 | Build | Farm |
| 15:56 | Build | Farm |
| 15:59 | Create | Villager (Male) |
| 16:07 | Build | Farm |
| 16:09 | Create | Skirmisher |
| 16:14 | Build | Farm |
| 16:21 | Create | Villager (Male) |
| 16:36 | Build | Farm |
| 16:43 | Build | House |
| 16:46 | Create | Villager (Male) |
| 16:50 | Build | Blacksmith |
| 16:56 | Build | Farm |
| 16:58 | Build | Farm |
| 17:05 | Build | Farm |
| 17:08 | Create | Skirmisher |
| 17:10 | Create | Villager (Male) |
| 17:21 | Build | Farm |
| 17:31 | Create | Skirmisher |
| 17:39 | Research | Wheelbarrow |
| 17:54 | Build | House |
| 17:55 | Build | Palisade Wall |
| 17:56 | Build | Palisade Wall |
Build order — Dennis哥
First 150 of 415 actions detected
| 0:01 | Create | Villager (Male) ×4 |
| 0:02 | Build | House |
| 0:03 | Build | House |
| 1:25 | Create | Villager (Male) |
| 1:25 | Create | Villager (Male) |
| 1:56 | Create | Villager (Male) |
| 1:56 | Create | Villager (Male) |
| 2:21 | Build | Mill |
| 2:24 | Create | Villager (Male) |
| 2:24 | Create | Villager (Male) |
| 2:48 | Create | Villager (Male) |
| 2:48 | Create | Villager (Male) |
| 3:05 | Create | Villager (Male) |
| 3:11 | Build | Lumber Camp |
| 3:22 | Create | Villager (Male) |
| 3:37 | Create | Villager (Male) |
| 3:37 | Create | Villager (Male) |
| 3:56 | Create | Villager (Male) |
| 4:01 | Build | House |
| 4:13 | Create | Villager (Male) |
| 4:13 | Create | Villager (Male) |
| 4:30 | Create | Villager (Male) |
| 4:30 | Create | Villager (Male) |
| 4:50 | Create | Villager (Male) |
| 4:50 | Create | Villager (Male) |
| 5:20 | Create | Villager (Male) |
| 5:39 | Build | House |
| 5:46 | Create | Villager (Male) ×3 |
| 6:10 | Research | Loom |
| 6:25 | Build | Barracks |
| 7:01 | Research | Feudal Age |
| 7:02 | Research | Feudal Age |
| 7:20 | Build | Mining Camp |
| 7:26 | Build | House |
| 7:27 | Create | Militia |
| 7:27 | Create | Militia |
| 7:52 | Build | Mill |
| 8:11 | Create | Militia |
| 8:11 | Create | Militia |
| 8:34 | Create | Villager (Male) |
| 8:53 | Create | Militia |
| 9:16 | Age | Feudal Age |
| 9:18 | Research | Man-at-Arms (upgrade) |
| 9:19 | Research | Man-at-Arms (upgrade) |
| 9:19 | Research | Double-Bit Axe |
| 9:19 | Research | Double-Bit Axe |
| 9:39 | Build | Archery Range |
| 9:40 | Create | Villager (Male) |
| 10:04 | Create | Villager (Male) |
| 10:15 | Build | House |
| 10:21 | Build | House |
| 10:36 | Create | Villager (Male) |
| 10:42 | Build | House |
| 10:45 | Build | House |
| 10:48 | Build | House |
| 10:49 | Create | Villager (Male) |
| 10:52 | Build | Palisade Wall |
| 10:56 | Create | Skirmisher |
| 10:59 | Create | Archer |
| 11:03 | Build | Palisade Wall |
| 11:13 | Build | Palisade Wall |
| 11:14 | Create | Villager (Male) |
| 11:23 | Build | Farm |
| 11:24 | Build | Farm |
| 11:25 | Build | Farm |
| 11:38 | Create | Archer |
| 11:39 | Create | Villager (Male) |
| 11:44 | Build | Farm |
| 11:45 | Build | Farm |
| 11:59 | Create | Villager (Male) |
| 12:14 | Create | Villager (Male) |
| 12:29 | Create | Skirmisher |
| 12:34 | Build | House |
| 12:49 | Create | Villager (Male) |
| 12:51 | Build | Farm |
| 12:55 | Build | Blacksmith |
| 13:06 | Create | Skirmisher |
| 13:07 | Create | Villager (Male) |
| 13:09 | Build | Farm |
| 13:25 | Build | Farm |
| 13:29 | Build | House |
| 13:34 | Build | Palisade Wall |
| 13:39 | Create | Archer |
| 13:47 | Build | Farm |
| 13:55 | Research | Fletching |
| 13:59 | Build | Farm |
| 14:01 | Create | Villager (Male) |
| 14:01 | Create | Villager (Male) |
| 14:10 | Create | Archer |
| 14:26 | Create | Villager (Male) |
| 14:38 | Build | Farm |
| 14:40 | Build | House |
| 14:42 | Build | Palisade Wall |
| 14:44 | Build | Palisade Wall |
| 14:55 | Create | Villager (Male) |
| 14:58 | Build | Farm |
| 15:04 | Create | Archer |
| 15:18 | Create | Villager (Male) |
| 15:25 | Build | Farm |
| 15:44 | Create | Archer |
| 15:45 | Create | Villager (Male) |
| 15:47 | Build | Farm |
| 15:48 | Build | Farm |
| 16:08 | Build | House |
| 16:11 | Build | Palisade Wall |
| 16:16 | Create | Villager (Male) |
| 16:38 | Create | Villager (Male) |
| 16:47 | Build | Lumber Camp |
| 16:57 | Create | Archer |
| 16:59 | Create | Villager (Male) |
| 17:12 | Build | Lumber Camp |
| 17:33 | Create | Villager (Male) |
| 17:34 | Create | Archer |
| 18:00 | Create | Archer |
| 18:16 | Research | Castle Age |
| 18:16 | Research | Castle Age |
| 18:19 | Build | Archery Range |
| 18:36 | Create | Archer |
| 18:44 | Build | Mining Camp |
| 19:09 | Create | Archer |
| 19:11 | Create | Villager (Male) |
| 19:36 | Create | Archer |
| 19:36 | Create | Archer |
| 19:38 | Research | Gold Mining |
| 19:39 | Research | Padded Archer Armor |
| 19:39 | Research | Padded Archer Armor |
| 19:39 | Research | Padded Archer Armor |
| 19:56 | Create | Archer |
| 19:56 | Create | Archer |
| 20:55 | Age | Castle Age |
| 20:59 | Research | Crossbowman (upgrade) |
| 20:59 | Research | Bodkin Arrow |
| 20:59 | Research | Bodkin Arrow |
| 20:59 | Research | Bodkin Arrow |
| 21:07 | Build | Siege Workshop |
| 21:08 | Create | Archer |
| 21:08 | Create | Archer |
| 21:13 | Research | Double-Bit Axe |
| 21:21 | Create | Villager (Male) |
| 21:44 | Create | Villager (Male) |
| 21:44 | Create | Archer |
| 21:45 | Create | Archer |
| 21:49 | Build | House |
| 22:01 | Create | Villager (Male) |
| 22:03 | Create | Archer |
| 22:03 | Create | Archer |
| 22:24 | Create | Mangonel |
| 22:25 | Create | Archer |
| 22:25 | Create | Archer |
| 22:43 | Build | Monastery |
Match timeline
| 5:44 | TAG_Sitaux · first_building Barracks |
| 6:25 | Dennis哥 · first_building Barracks |
| 8:05 | TAG_Sitaux · wall_segment Palisade Wall x1 |
| 8:07 | TAG_Sitaux · wall_segment Palisade Wall x1 |
| 8:18 | TAG_Sitaux · wall_segment Palisade Wall x1 |
| 8:24 | TAG_Sitaux · wall_segment Palisade Wall x1 |
| 8:25 | TAG_Sitaux · wall_segment Palisade Wall x1 |
| 8:26 | TAG_Sitaux · wall_segment Palisade Wall x1 |
| 8:27 | TAG_Sitaux · wall_segment Palisade Wall x1 |
| 8:28 | TAG_Sitaux · wall_segment Palisade Wall x1 |
| 8:45 | TAG_Sitaux · wall_segment Palisade Wall x1 |
| 8:47 | TAG_Sitaux · wall_segment Palisade Wall x1 |
| 8:50 | TAG_Sitaux · wall_segment Palisade Wall x3 |
| 8:51 | TAG_Sitaux · age_up feudal |
| 9:16 | Dennis哥 · age_up feudal |
| 9:36 | TAG_Sitaux · wall_segment Palisade Wall x1 |
| 9:39 | Dennis哥 · first_building Archery Range |
| 10:04 | TAG_Sitaux · wall_segment Palisade Wall x1 |
| 10:11 | TAG_Sitaux · wall_segment Palisade Wall x1 |
| 10:49 | TAG_Sitaux · first_building Archery Range |
| 10:52 | Dennis哥 · wall_segment Palisade Wall x4 |
| 11:03 | Dennis哥 · wall_segment Palisade Wall x1 |
| 11:13 | Dennis哥 · wall_segment Palisade Wall x4 |
| 12:07 | TAG_Sitaux · wall_segment Palisade Wall x1 |
| 12:20 | TAG_Sitaux · wall_segment Palisade Wall x1 |
| 13:34 | Dennis哥 · wall_segment Palisade Wall x6 |
| 13:39 | TAG_Sitaux · wall_segment Palisade Wall x1 |
| 14:27 | TAG_Sitaux · wall_segment Palisade Wall x9 |
| 14:42 | Dennis哥 · wall_segment Palisade Wall x10 |
| 14:44 | Dennis哥 · wall_segment Palisade Wall x2 |
| 14:55 | TAG_Sitaux · wall_segment Palisade Wall x12 |
| 14:58 | TAG_Sitaux · wall_segment Palisade Wall x5 |
| 16:11 | Dennis哥 · wall_segment Palisade Wall x9 |
| 17:55 | TAG_Sitaux · wall_segment Palisade Wall x2 |
| 17:56 | TAG_Sitaux · wall_segment Palisade Wall x9 |
| 17:57 | TAG_Sitaux · wall_segment Palisade Wall x3 |
| 20:55 | Dennis哥 · age_up castle |
| 21:07 | Dennis哥 · first_building Siege Workshop |
| 22:21 | TAG_Sitaux · age_up castle |
| 22:42 | TAG_Sitaux · first_building Siege Workshop |
| 22:43 | Dennis哥 · first_building Monastery |
| 28:55 | Dennis哥 · first_market_buy 100 food |
| 35:28 | TAG_Sitaux · first_building Castle |
| 37:54 | Dennis哥 · first_building Castle |
| 38:19 | Dennis哥 · first_market_sell 500 wood |
| 40:38 | Dennis哥 · wall_segment Stone Wall x1 |
| 41:32 | Dennis哥 · age_up imperial |
| 41:50 | TAG_Sitaux · age_up imperial |
| 41:50 | TAG_Sitaux · first_building Monastery |
| 43:37 | Dennis哥 · wall_segment Stone Wall x1 |
| 43:51 | TAG_Sitaux · first_market_sell 100 food |
| 43:53 | TAG_Sitaux · first_market_buy 100 wood |
| 45:37 | Dennis哥 · resign |
[ AI ANALYSIS · 1 CREDIT ]
What really happened in this match?
Wolo.gg analyzes every decision: build order, eco, micro, common mistakes by bracket. Personalized analysis on WhatsApp or Discord in 30 seconds.
Civ guide
Malay
Perfil
Jugador #212721